AoeStats
← TenHeinzR2

MegaRandom

506976837Analyzed
2v2 RM · 15d ago on Sep 16, 2026· 91m 52s· 4 players
Game mode
Random Map
Map size
Medium (4 player)
Population
200
Speed
Normal
Resources
Standard
Victory
Conquest
Starting age
Dark Age
Ending age
Imperial Age
RankedLock teamsTeams togetherTeam positionsShared explorationLock speedFull tech treeHidden civsTurbo modeCheats
Victory
Defeat
🇧🇷 Armenians · Brazil
968
+16
🇧🇷 Poles · Brazil
844
+21
🇦🇺 Mongols · Australia
964
-19
🇧🇷 Spanish · Brazil
957
-18
Zap!
2:07 Loom
10:42 Feudal Age
11:38 Double-Bit Axe
17:25 Castle Age
16:19 Horse Collar
18:14 Forging
19:57 Scale Barding Armor
21:35 Iron Casting
22:33 Chain Barding Armor
22:45 Chain Barding Armor
22:55 Bloodlines
24:14 Wheelbarrow
24:16 Husbandry
24:53 Bow Saw
24:45 Heavy Plow
30:35 Imperial Age
28:04 Stone Mining
29:30 Fletching
30:36 Hand Cart
30:42 Gold Mining
32:12 Conscription
32:20 Bodkin Arrow
33:36 Plate Barding Armor
33:05 Bracer
34:04 Fervor
37:12 Fervor
37:34 Light Cavalry
37:55 Cavalier
39:39 Blast Furnace
40:53 Town Watch
43:44 Plate Barding Armor
44:04 Ballistics
43:53 Paladin
45:32 Padded Archer Armor
50:44 Caravan
50:57 Hussar
57:46 Masonry
57:33 Murder Holes
58:47 Stone Shaft Mining
59:15 Chemistry
58:05 Guard Tower
58:02 Arrowslits
62:05 Bombard Tower
62:16 Architecture
63:46 Leather Archer Armor
63:33 Scale Mail Armor
64:38 Conscription
64:59 Hoardings
73:10 Keep
Admw
8:03 Loom
10:09 Feudal Age
13:03 Forging
14:13 Double-Bit Axe
19:44 Castle Age
18:52 Fletching
19:03 Padded Archer Armor
19:11 Horse Collar
22:42 Bodkin Arrow
28:42 Bloodlines
31:50 Ballistics
36:35 Imperial Age
33:53 Town Watch
34:30 Husbandry
36:57 Leather Archer Armor
40:08 Bow Saw
41:55 Bracer
42:00 Heavy Camel Rider
42:47 Scale Barding Armor
43:17 Iron Casting
43:13 Elite Mangudai
44:35 Light Cavalry
47:16 Conscription
48:28 Hussar
52:04 Heavy Plow
56:57 Gold Mining
60:12 Caravan
69:11 Chain Barding Armor
70:22 Elite Skirmisher
71:08 Thumb Ring
72:05 Blast Furnace
70:37 Onager
71:27 Siege Engineers
75:10 Siege Onager
Rammstilhos
0:32 Loom
10:43 Feudal Age
19:42 Castle Age
19:55 Double-Bit Axe
22:45 Bow Saw
24:36 Squires
26:59 Horse Collar
28:58 Szlachta Privileges
30:37 Husbandry
30:48 Bloodlines
30:59 Scale Barding Armor
31:30 Forging
30:46 Pikeman
32:39 Chain Barding Armor
33:39 Iron Casting
33:24 Gold Mining
37:37 Imperial Age
38:46 Conscription
39:03 Hoardings
38:16 Cavalier
39:13 Heavy Plow
46:16 Blast Furnace
48:25 Chemistry
47:47 Ballistics
47:40 Fortified Wall
47:56 Ballistics
47:32 Murder Holes
47:48 Masonry
54:45 Wheelbarrow
53:56 Town Watch
65:07 Lechitic Legacy
64:30 Light Cavalry
66:04 Hand Cart
66:00 Town Patrol
66:00 Winged Hussar
67:37 Crop Rotation
TenHeinzR2
8:46 Loom
11:12 Feudal Age
12:01 Double-Bit Axe
12:35 Gold Mining
12:26 Man-at-Arms
13:34 Stone Mining
13:59 Long Swordsman
15:01 Town Watch
20:32 Arson
20:47 Horse Collar
21:36 Scale Mail Armor
26:43 Fletching
26:54 Padded Archer Armor
30:30 Pikeman
35:59 Castle Age
37:06 Leather Archer Armor
36:26 Elite Skirmisher
39:29 Bodkin Arrow
39:59 Ballistics
43:30 Wheelbarrow
43:26 Halberdier
44:07 Squires
51:26 Hand Cart
51:14 Town Patrol
58:32 Imperial Age
56:30 Masonry
61:06 Conscription
61:24 Heavy Plow
71:58 Chain Mail Armor
71:54 Forging
77:54 Bow Saw
78:25 Fereters
81:18 Chemistry
81:59 Iron Casting
81:55 Plate Mail Armor
82:12 Capped Ram
84:31 Bracer
Connection lost

Rejoining the realm…

Still unreachable

The connection could not be restored.

Session expired

The server has moved on; the page needs a fresh start.